Map: Ruines de Seras

Players

Dragon

  • Race: Protoss Protoss
  • League: Diamond

Worming - Winner!

  • Race: Zerg Zerg
  • League: Diamond

VOD

Have the link to the VOD?

Description

Time

  • Played on: Dec. 16, 2015, 12:47 p.m.
  • Length: 11:24
Show
View Real Time Build Order
Export as new Build Order

Dragon Protoss 

Build Orders: Oracle Opening 

Get SALT Encoding   

  12  0:01  Probe (Chrono Boost)  
  13  0:11  Probe (Chrono Boost)  
  14  0:18  Pylon  
  14  0:22  Probe (Chrono Boost)  
  15  0:36  Probe (Chrono Boost)  
  15  0:40  Gateway  
  16  0:46  Probe (Chrono Boost)  
  16  0:48  Assimilator  
  17  0:54  Assimilator  
  18  0:57  Probe (Chrono Boost)  
  18  1:03  Pylon  
  18  1:08  Probe (Chrono Boost)  
  20  1:18  Probe (Chrono Boost)  
  20  1:28  Cybernetics Core  
  20  1:29  Probe (Chrono Boost)  
  21  1:40  Probe (Chrono Boost)  
  22  1:51  Probe (Chrono Boost)  
  23  2:05  Mothership Core (Chrono Boost)  
  23  2:06  Warp Gate (Chrono Boost)  
  23  2:08  Adept  
  27  2:18  Nexus  
  27  2:24  Probe (Chrono Boost)  
  28  2:34  Probe  
  28  2:36  Adept  
  31  2:37  Pylon  
  31  2:55  Probe  
  31  2:56  Stargate  
  32  3:08  Probe  
  32  3:09  Pylon  
  33  3:19  Gateway  
  33  3:20  Probe  
  33  3:24  Gateway  
  34  3:29  Probe  
  34  3:32  Probe  
  36  3:43  Probe  
  36  3:44  Probe  
  38  3:54  Probe, Oracle (Chrono Boost)  
  41  3:56  Probe  
  41  4:01  Adept  
  45  4:04  Probe  
  45  4:09  Probe  
  47  4:17  Probe  
  47  4:22  Assimilator  
  48  4:26  Assimilator, Oracle (Chrono Boost)  
  48  4:28  Adept  
  53  4:34  Probe  
  53  4:35  Probe  
  55  4:41  Robotics Facility  
  55  4:47  Probe  
  55  4:48  Probe  
  57  4:59  Probe, Phoenix (Chrono Boost)  
  58  5:01  Probe  
  60  5:11  Probe  
  60  5:12  Nexus  
  61  5:14  Pylon  
  61  5:18  Probe  
  62  5:24  Phoenix (Chrono Boost)  
  62  5:31  Probe  
  62  5:32  Probe  
  62  5:35  Robotics Bay, Pylon  
  64  5:37  Pylon  
  64  5:39  Assimilator  
  64  5:40  Adept  
  66  5:42  Sentry  
  66  5:45  Phoenix (Chrono Boost)  
  70  5:55  Pylon  
  70  5:58  Pylon  
  70  5:59  Probe, Assimilator  
  70  6:00  Probe  
  72  6:08  Gateway  
  72  6:11  Gateway  
  72  6:22  Probe x2  
  72  6:23  Disruptor (Chrono Boost)  
  72  6:25  Probe  
  77  6:27  Stalker  
  80  6:34  Probe  
  80  6:37  Gateway  
  80  6:39  Gateway  
  81  6:42  Gateway  
  81  6:43  Probe  
  76  7:12  Disruptor (Chrono Boost)  
  76  7:15  Stalker x3  
  85  7:34  Sentry  
  83  7:46  Stalker  
  85  7:54  Pylon  
  85  7:56  Pylon  
  85  8:04  Pylon  
  83  8:12  Pylon  
  83  8:15  Pylon  
  83  8:17  Pylon  
  81  8:27  Sentry x3  
  81  8:28  Stalker x2  
  81  8:32  Disruptor (Chrono Boost)  
  94  8:41  Nexus  
  94  8:44  Pylon  
  94  8:45  Pylon  
  90  8:52  Stalker  
  90  8:53  Stalker x6  
  90  8:54  Stalker  
  106  9:00  Pylon  
  106  9:01  Twilight Council  
  105  9:03  Pylon, Disruptor (Chrono Boost)  
  105  9:04  Forge x2  
  105  9:07  Pylon  
  105  9:08  Pylon  
  108  9:28  Stalker  
  108  9:29  Sentry, Stalker  
  108  9:30  Sentry x2, Zealot  
  108  9:31  Zealot x2  
  124  9:34  Disruptor (Chrono Boost)  
  121  9:51  Stalker  
  121  9:52  Stalker x3  
  129  9:53  Stalker x3  
  135  10:01  Pylon  
  138  10:08  Warp Prism  
  127  10:33  Stalker x4  
  127  10:34  Stalker x2  
  139  10:38  Stalker  
  139  10:42  Observer  
  78  11:19  Stalker x5  
  78  11:20  Stalker x3  
Show
View Real Time Build Order
Export as new Build Order

Worming Zerg - Winner!

Build Orders: Hatch First 

Get SALT Encoding   

  12  0:01  Drone  
  13  0:13  Overlord  
  13  0:22  Drone  
  14  0:31  Drone x2  
  16  0:37  Drone  
  17  0:55  Hatchery  
  16  0:58  Drone  
  16  1:01  Drone  
  18  1:06  Extractor  
  17  1:12  Drone  
  18  1:28  Drone  
  18  1:29  Spawning Pool  
  18  1:35  Drone  
  19  1:44  Drone  
  20  1:53  Overlord  
  21  2:01  Drone  
  21  2:08  Drone  
  22  2:16  Queen  
  22  2:17  Queen  
  22  2:18  Zergling x4  
  28  2:23  Metabolic Boost  
  28  2:27  Drone  
  29  2:32  Zergling x2  
  30  2:37  Drone  
  31  2:47  Drone x2  
  31  2:50  Overlord  
  33  2:56  Drone  
  33  2:57  Queen  
  35  3:08  Drone  
  35  3:10  Drone  
  37  3:15  Drone  
  38  3:21  Drone  
  38  3:23  Hatchery  
  38  3:24  Zergling x2  
  39  3:28  Drone x5  
  39  3:31  Overlord  
  43  3:50  Extractor x2  
  43  3:54  Drone x5  
  46  4:01  Roach Warren  
  45  4:08  Drone x6  
  51  4:18  Lair, Extractor  
  49  4:33  Spore Crawler x2  
  46  4:39  Spore Crawler  
  46  4:43  Queen x2  
  49  4:47  Drone x2  
  49  4:48  Drone  
  49  4:50  Roach  
  49  4:51  Roach  
  49  4:52  Overlord x2  
  56  4:53  Zergling x2  
  57  5:15  Roach x3  
  57  5:16  Roach  
  65  5:29  Glial Reconstitution  
  65  5:31  Drone x9  
  65  5:34  Overlord x2  
  74  5:47  Overlord x3  
  74  5:55  Roach x8  
  90  5:59  Overlord  
  90  6:11  Spire  
  89  6:20  Roach x11  
  89  6:22  Ravager  
  89  6:24  Ravager  
  113  6:33  Drone  
  113  6:35  Overlord  
  113  6:36  Overlord  
  114  6:41  Evolution Chamber  
  114  6:42  Evolution Chamber  
  112  6:54  Ravager x3  
  112  6:57  Drone x7, Extractor  
  112  6:58  Drone x5  
  112  6:59  Extractor  
  112  7:23  Zergling x16  
  112  7:27  Zerg Flyer Weapons Level 1  
  119  7:48  Drone x2, Extractor  
  119  7:49  Drone  
  119  7:50  Overlord x4  
  118  8:00  Ravager x3  
  118  8:02  Zerg Melee Weapons Level 1  
  118  8:03  Zerg Ground Armor Level 1  
  118  8:14  Zergling x8  
  118  8:15  Zergling x4  
  118  8:18  Hatchery  
  120  8:32  Drone x3  
  123  8:34  Infestation Pit  
  119  8:43  Overlord x3  
  119  8:44  Zergling x4  
  119  8:45  Zergling x16  
  128  9:03  Zergling x2  
  128  9:05  Zergling x2  
  130  9:12  Hive  
  130  9:16  Zergling x2  
  131  9:17  Drone x2  
  131  9:18  Drone x7  
  131  9:19  Queen x2  
  144  9:30  Drone x3  
  144  9:31  Overlord x2  
  137  9:50  Ravager  
  137  9:51  Ravager x4  
  142  9:55  Drone x3  
  142  9:58  Extractor  
  144  10:08  Drone x3  
  144  10:10  Overlord x2  
  144  10:11  Zergling x26  
  157  10:27  Zergling x8  
  161  10:32  Ultralisk Cavern  
  160  10:36  Zergling x8  
  160  10:37  Zergling x6  
  160  10:41  Extractor  
  166  10:43  Zergling x10  
  148  10:59  Zergling x2  
  148  11:00  Zergling x18  
Tags
 
Add a new tag
Caveats
  • Supply blocks, unpowered buildings, or Contaminate may cause inaccurate times.
  • Supply counts are checked every 10 seconds.